 Dungeon Crawl Stone Soup version 0.22.1-1-ga44c0e5 (webtiles) character file.

86 Folque the Digger (level 4, -2/33 HPs)
             Began as a Draconian Earth Elementalist on Nov 1, 2018.
             Killed by nerve-wracking pain
             ... invoked by Jessica
              (11 damage)
             ... on level 3 of the Dungeon.
             The game lasted 00:09:37 (2060 turns).

Folque the Digger (Draconian Earth Elementalist)    Turns: 2060, Time: 00:09:38

Health: -2/33      AC:  5    Str: 11    XL:     4   Next: 26%
Magic:  0/8        EV: 12    Int: 16    God:
Gold:   137        SH:  0    Dex: 11    Spells: 2/8 levels left

rFire    . . .     SeeInvis .   o - +1 short sword
rCold    . . .     Gourm    .   (no shield)
rNeg     . . .     Faith    .   (armour unavailable)
rPois    .         Spirit   .   (helmet restricted)
rElec    .         Reflect  .   (no cloak)
rCorr    .         Harm     .   (no gloves)
MR       .....                  (no boots)
Stlth    ++........             (no amulet)
HPRegen  0.11/turn              (no ring)
MPRegen  0.11/turn              (no ring)

@: no status effects
A: unfitting armour, cold-blooded, AC +5
a: no special abilities


You were on level 3 of the Dungeon.
You were very hungry.

You visited 1 branch of the dungeon, and saw 3 of its levels.

You collected 137 gold pieces.

Inventory:

Hand Weapons
 j - a +0 dagger
 o - a +1 short sword (weapon)
Missiles
 b - 23 stones (quivered)
Wands
 n - a wand of enslavement (19)
Scrolls
 d - a scroll of blinking
 e - a scroll of identify
 g - 2 scrolls of enchant weapon
Potions
 a - a potion of degeneration {unknown}
 h - a potion of might {unknown}
 k - a potion of haste
 l - a potion of flight {unknown}
 m - a potion of curing
 p - a potion of lignification
Comestibles
 c - 4 rations
 f - 2 chunks of flesh


   Skills:
 - Level 1.7 Dodging
 - Level 1.7 Stealth
 + Level 2.8 Spellcasting
 + Level 1.0 Conjurations
 - Level 1.0 Transmutations
 * Level 4.4 Earth Magic


You had 2 spell levels left.
You knew the following spells:

 Your Spells              Type           Power        Failure   Level  Hunger
a - Sandblast             Erth           ###...       3%          1    #......
b - Passwall              Tmut/Erth      ##......     10%         2    ##.....
c - Stone Arrow           Conj/Erth      ##....       19%         3    ###....

Your spell library contained the following spells:

 Spells                   Type           Power        Failure   Level  Hunger
 Confusing Touch          Hex            #.....       19%         1    #......
 Confuse                  Hex            #.......     50%         3    ###....
 Gell's Gravitas          Tloc           #.........   50%         3    ###....
 Petrify                  Tmut/Erth      ##......     54%         4    #####..
 Lee's Rapid Deconstruct  Erth           ###.......   65%         5    ######.
 Metabolic Englaciation   Hex/Ice        #.........   99%         5    ######.
 Yara's Violent Unravell  Hex/Tmut       #.........   99%         5    ######.


Dungeon Overview and Level Annotations

Branches:
Dungeon (3/15)

Altars:
Ashenzari
Elyvilon
Ru

Annotations:
D:3 Jessica


Innate Abilities, Weirdness & Mutations

Your plain brown scales are hard. (AC +5)
You cannot fit into any form of body armour.
You are cold-blooded and may be slowed by cold attacks.


Message History

Casting: Sandblast (safe; 3% risk of failure)
Confirm with . or Enter, or press ? or * to list all spells.
You can't see any susceptible monsters within range! (Use Z to cast anyway.)
Casting: Sandblast (safe; 3% risk of failure)
Confirm with . or Enter, or press ? or * to list all spells.
Aiming: Sandblast (safe; 3% risk of failure)
Press: ? - help, Shift-Dir - straight line, f/p - Jessica
Aim: Jessica, wielding a club and wearing a robe (severely wounded)
The blast of sand hits Jessica.
Jessica is almost dead.
b - 23 stones Jessica points at you and mumbles some strange words.
You barely resist. Jessica gestures at you while chanting.
You barely resist.
Jessica mumbles some strange words.
Jessica blinks!
Jessica gestures at you while chanting. Pain shoots through your body!
You die...

#..# ##.##
#..# ##.##
#..# ##.#
#.## #..#
##@# #.#
#...#
#......
#......≈≈
#....≈≈@≈#
#..≈≈≈≈≈≈#
#..≈≈#+###
#..≈≈+


You could see Jessica.

Vanquished Creatures
  A howler monkey skeleton (D:3)
  2 river rats (D:3)
  3 worms
  3 dart slugs
  2 orcs (D:3)
  2 giant cockroaches
  3 hobgoblins
  6 kobolds
  4 quokkas
  4 ball pythons
  7 bats
  A frilled lizard (D:1)
  3 goblins
  6 rats
47 creatures vanquished.

Notes
Turn   | Place    | Note
-------+----------+-------------------------------------------
     0 | D:1      | Folque the Draconian Earth Elementalist began the quest for
                  | the Orb.
     0 | D:1      | Reached XP level 1. HP: 14/14 MP: 3/3
   299 | D:1      | Reached XP level 2. HP: 18/20 MP: 3/5
   624 | D:2      | Learned a level 2 spell: Passwall
   632 | D:2      | Found a sacrificial altar of Ru.
   976 | D:2      | Reached XP level 3. HP: 26/26 MP: 3/6
   981 | D:2      | Learned a level 3 spell: Stone Arrow
   991 | D:2      | Found a shattered altar of Ashenzari.
  1481 | D:3      | Reached skill level 4 in Earth Magic
  1954 | D:3      | Found a white marble altar of Elyvilon.
  2007 | D:3      | Noticed Jessica
  2023 | D:3      | Reached XP level 4. HP: 24/33 MP: 1/8
  2041 | D:3      | Reached skill level 1 in Conjurations
  2060 | D:3      | Killed from afar by Jessica

Skill      XL: |  1  2  3  4 |
---------------+-------------+-----
Earth Magic    | 4 |  4.4
Conjurations   | 1 |  1.0
Dodging        | |  1.7
Stealth        | |  1.7
Spellcasting   | |  2.8
Transmutations | |  1.0

Action                   |  1- 3 |  4- 6 || total
-------------------------+-------+-------++-------
Melee: Unarmed           |    25 |       ||    25
       Tailslap          |     8 |     1 ||     9
       Dagger            |    30 |       ||    30
       Short sword       |    57 |    16 ||    73
 Cast: Sandblast         |    28 |     5 ||    33
       Stone Arrow       |     2 |       ||     2
Evoke: Wand              |       |     1 ||     1
  Use: Scroll            |     6 |       ||     6
 Stab: Sleeping          |     6 |       ||     6
  Eat: Chunk             |     3 |       ||     3
Armor: Skin              |    33 |     5 ||    38
Dodge: Dodged            |    76 |     9 ||    85
